 Dungeon Crawl Stone Soup version 0.22-a0-614-g34fbaa0 (webtiles) character file.

104 Krakonus1 the Cudgeler (level 4, 0/48 HPs)
             Began as an Ogre Berserker on July 20, 2018.
             Was a Believer of Trog.
             Slain by an orc priest
             ... wielding a +0 dagger
              (1 damage)
             ... on level 3 of the Dungeon.
             The game lasted 00:06:52 (1574 turns).

Krakonus1 the Cudgeler (Ogre Berserker)             Turns: 1574, Time: 00:06:53

Health: 0/48       AC:  3    Str: 22    XL:     4   Next: 80%
Magic:  4/4        EV: 10    Int: 13    God:    Trog [**....]
Gold:   125        SH:  0    Dex:  8    Spells: 3/3 levels left

rFire    + . .     SeeInvis .   p - +0 flail
rCold    x . .     Gourm    .   (no shield)
rNeg     . . .     Faith    .   b - +0 animal skin
rPois    .         Spirit   .   (helmet restricted)
rElec    .         Reflect  .   (no cloak)
rCorr    .         Harm     .   (gloves unavailable)
MR       ++...                  (boots unavailable)
Stlth    +.........             i - amulet of the acrobat
HPRegen  1.16/turn              g - ring of fire
MPRegen  0.09/turn              (no ring)

@: brilliant, regenerating, hasted, very quick
A: large, unfitting armour, tough skin 1
a: Berserk, Trog's Hand, Renounce Religion


You were on level 3 of the Dungeon.
You worshipped Trog.
Trog was pleased with you.
You were not hungry.

You visited 1 branch of the dungeon, and saw 3 of its levels.

You collected 125 gold pieces.

Inventory:

Hand Weapons
 a - a +0 mace
 p - a +0 flail (weapon)
Armour
 b - a +0 animal skin (worn)
Jewellery
 g - a ring of fire (left hand)
 i - an amulet of the acrobat (around neck)
Scrolls
 k - 2 scrolls of remove curse {unknown}
 n - a scroll of enchant armour {unknown}
 o - a scroll of fear {unknown}
 q - a scroll of identify {unknown}
Potions
 d - a potion of invisibility {unknown}
 e - a potion of might {unknown}
 f - a potion of haste
 h - a potion of curing {unknown}
 j - a potion of brilliance
 m - a potion of degeneration {unknown}
Comestibles
 c - 7 rations


   Skills:
 - Level 4.0 Fighting
 * Level 4.9 Maces & Flails
 - Level 2.6 Dodging


You had 3 spell levels left.
You didn't know any spells.
Your spell library was empty.

Dungeon Overview and Level Annotations

Branches:
Dungeon (3/15)

Altars:


Innate Abilities, Weirdness & Mutations

You are too large for most types of armour.
You have tough skin. (AC +1)


Message History

You feel clever all of a sudden.
You hear a shout! x2
The orc priest barely misses you.
It was a potion of haste.
You feel yourself speed up.
The orc priest hits you but does no damage.
You are too injured to fight recklessly!
You are too injured to fight recklessly!
You are too injured to fight recklessly!
You sock the orc priest!
The orc priest is almost dead.
The orc priest mumbles some strange prayers to Beogh against you.
Beogh smites you!
* * * LOW HITPOINT WARNING * * *
You hear a shout!
Your skin crawls.
You feel resistant to hostile enchantments.
You feel somewhat more hungry.
A goblin comes into view.
The orc priest hits you with a dagger.
You die...

### #.. ###### #######
#..
.#.....######.....###..
?...%..................
.#...)..##.......######
................)'.....
######.##..(....######
#..o@..+.......#
#.....##.......#
.g.......##.....[.#
##..#(...##.......# ##
####.########## #.# #+#


You could see an orc priest and a goblin.

Vanquished Creatures
  A worker ant (D:3)
  4 gnolls (D:2)
  An adder (D:3)
  2 leopard geckos
  3 ball pythons
  4 bats
  3 giant cockroaches
  4 goblins
  A hobgoblin (D:2)
  4 kobolds
  A quokka (D:2)
  5 rats
33 creatures vanquished.

Notes
Turn   | Place    | Note
-------+----------+-------------------------------------------
     0 | D:1      | Krakonus1 the Ogre Berserker began the quest for the Orb.
     0 | D:1      | Reached XP level 1. HP: 24/24 MP: 1/1
    68 | D:1      | HP: 2/24 [leopard gecko (1)]
    73 | D:1      | Reached XP level 2. HP: 3/32 MP: 2/2
  1034 | D:2      | Reached XP level 3. HP: 22/39 MP: 3/3
  1133 | D:2      | Reached XP level 4. HP: 48/48 MP: 4/4
  1239 | D:2      | Reached ** piety under Trog
  1573 | D:3      | HP: 1/48 [orc priest/divine providence (16)]
  1574 | D:3      | Slain by an orc priest

Vault maps used:
D:1:      elethiomel_arrival_shortcut
D:3:      first_ration

Skill      XL: |  1  2  3 |
---------------+----------+-----
Maces & Flails | 3 4 |  4.9
Fighting       | |  4.0
Dodging        | |  2.6

Action                   |  1- 3 |  4- 6 || total
-------------------------+-------+-------++-------
Melee: Mace              |    70 |     4 ||    74
       Flail             |       |    34 ||    34
Invok: Berserk           |     2 |       ||     2
       Trog's Hand       |       |     1 ||     1
  Use: Potion            |       |     2 ||     2
  Eat: Chunk             |     2 |     2 ||     4
Armor: Animal skin       |    17 |    11 ||    28
Dodge: Dodged            |    48 |    32 ||    80

Table legend:
 A = Spawn XP
 B = Non-spawn XP
 C = Spawn XP percentage of total XP
 D = Spawn monster count
 E = Non-spawn monster count
 F = Spawn count percentage of total count
 G = Total turns spent on level
                    A         B        C        D         E        F      G
               +---------+---------+-------+---------+---------+-------+---------
         Total |       0 |     149 |   0.0 |       0 |      33 |   0.0 |  1574
               +---------+---------+-------+---------+---------+-------+---------
           D:1 |       0 |      21 |   0.0 |       0 |      12 |   0.0 |   907
           D:2 |       0 |      78 |   0.0 |       0 |      17 |   0.0 |   410
           D:3 |       0 |      50 |   0.0 |       0 |       4 |   0.0 |   257
               +---------+---------+-------+---------+---------+-------+---------
